 Dungeon Crawl Stone Soup version 0.26.0-11-g8f856b5395 (webtiles) character file.

Game seed: 4414026884611184545

68 shakesphere1979 the Insei (level 4, 0/34 HPs)
             Began as a Gnoll Transmuter on Jan 14, 2021.
             Slain by a gnoll
             ... wielding a +0 flail
              (9 damage)
             ... on level 2 of the Dungeon.
             The game lasted 00:04:03 (1849 turns).

shakesphere1979 the Insei (Gnoll Transmuter)        Turns: 1849, Time: 00:04:04

Health: 0/34       AC:  3    Str: 12    XL:     4   Next: 19%
Magic:  10/11      EV: 15    Int: 16    God:
Gold:   66         SH:  0    Dex: 16    Spells: 10/13 levels left

rFire    . . .     SeeInvis .     - Unarmed
rCold    . . .     Faith    .   (no shield)
rNeg     . . .     Spirit   .   a - +0 robe
rPois    .         Reflect  .   (helmet currently unavailable)
rElec    .         Harm     .   (no cloak)
rCorr    .         Rampage  .   c - +0 pair of gloves
Will     .....                  (boots currently unavailable)
Stlth    ++........             (no amulet)
HPRegen  0.11/turn              (no ring)
MPRegen  0.12/turn              (no ring)

@: appendages
A: distributed training, fangs 1, horns 2, talons 2, strong nose
a: End Transformation


You were on level 2 of the Dungeon.
You had grown temporary horns.
You had grown temporary talons.
You visited 1 branch of the dungeon, and saw 2 of its levels.

You collected 66 gold pieces.

Inventory:

Missiles
 e - 66 stones
 k - 6 poisoned darts
 n - 6 boomerangs
 p - 16 arrows
Armour
 a - a +0 robe (worn)
 c - a +0 pair of gloves (worn)
 i - a +0 buckler
Jewellery
 d - an uncursed amulet of the acrobat {unknown}
 f - an uncursed amulet of regeneration {unknown}
 l - an uncursed ring of flight {unknown}
Scrolls
 b - a scroll of teleportation {unknown}
 g - 2 scrolls of remove curse {unknown}
 m - a scroll of immolation {unknown}
 o - a scroll of fog {unknown}
Potions
 h - 2 potions of curing {unknown}
 j - a potion of attraction {unknown}


   Skills:
 + Level 2.7 Fighting
 + Level 1.0 Short Blades
 + Level 1.0 Long Blades
 + Level 1.0 Axes
 + Level 1.0 Maces & Flails
 + Level 1.0 Polearms
 + Level 1.0 Staves
 + Level 1.0 Slings
 + Level 1.0 Bows
 + Level 1.0 Crossbows
 + Level 1.0 Throwing
 + Level 1.0 Armour
 + Level 4.6 Dodging
 + Level 1.0 Stealth
 + Level 1.0 Shields
 + Level 6.6 Unarmed Combat
 + Level 5.0 Spellcasting
 + Level 0.8 Conjurations
 + Level 0.8 Hexes
 + Level 0.8 Summonings
 + Level 0.8 Necromancy
 + Level 0.8 Translocations
 + Level 3.8 Transmutations
 + Level 0.8 Fire Magic
 + Level 0.8 Ice Magic
 + Level 0.8 Air Magic
 + Level 0.8 Earth Magic
 + Level 0.8 Poison Magic
 + Level 1.1 Invocations
 + Level 1.0 Evocations


You had 10 spell levels left.
You knew the following spells:

 Your Spells              Type           Power        Failure   Level
a - Beastly Appendage     Tmut           32%          3%          1
b - Wereblood             Tmut           16%          4%          2

Your spell library contained the following spells:

 Spells                   Type           Power        Failure   Level
 Spider Form              Tmut/Pois      5%           17%         3
 Ice Form                 Ice/Tmut       11%          50%         4
 Blade Hands              Tmut           8%           65%         5


Dungeon Overview and Level Annotations

Branches:
Dungeon (2/15)

Altars:
Cheibriados
Fedhas
Okawaru
Trog
Vehumet
The Shining One


Innate Abilities, Weirdness & Mutations

Your experience applies equally to all skills.
You have very sharp teeth.
Your uncanny sense of smell can sniff out nearby items.
You have a pair of horns on your head.
You have razor-sharp toenails.


Message History

The gnoll misses you.
You hit the gnoll.
The gnoll is lightly wounded.
The gnoll hits you with a +0 flail. The gnoll closely misses you.
Casting: Beastly Appendage (safe; 3% risk of failure)
Confirm with . or Enter, or press ? or * to list all spells.
You extend your transformation's duration.
The gnoll hits you with a +0 flail. The gnoll closely misses you.
You barely miss the gnoll. You claw the gnoll. You headbutt the gnoll.
The gnoll is heavily wounded.
The gnoll hits you from afar with a +0 spear.
You barely miss the gnoll. Your headbutt misses the gnoll.
The gnoll is heavily wounded.
The gnoll hits you with a +0 flail.
You hit the gnoll but do no damage. Your headbutt misses the gnoll.
The gnoll is heavily wounded.
The gnoll hits you from afar with a +0 spear!
* * * LOW HITPOINT WARNING * * *
The gnoll hits you with a +0 flail!
You die...

#.# #.##.#.#.#.
#.##.#.#.#. #.##>#.#.#.
#.##.#.#.#. #.#..#.#.#.
. #........#. ...
#...P.P..#<
.._..#########)#.._...#.
._8_.gg@)...)..#.P.P..#.
.._...##########......#.
..... ######.#. .#.#
#.#. # #... ###. ∆ #. ∆
#. #####.


You could see 2 gnolls.

Vanquished Creatures
  2 adders (D:2)
  2 gnolls (D:2)
  An ooze (D:2)
  3 dart slugs (D:1)
  A leopard gecko (D:1)
  2 bats
  3 giant cockroaches (D:1)
  2 goblins
  A ball python (D:2)
  2 frilled lizards (D:1)
  3 kobolds (D:1)
  A rat (D:2)
23 creatures vanquished.

Notes
Turn   | Place    | Note
-------+----------+-------------------------------------------
     0 | D:1      | shakesphere1979 the Gnoll Transmuter began the quest for
                  | the Orb.
     0 | D:1      | Reached XP level 1. HP: 17/17 MP: 6/6
   630 | D:1      | Reached XP level 2. HP: 23/23 MP: 5/7
   712 | D:1      | Learned a level 2 spell: Wereblood
  1312 | D:2      | Reached skill level 5 in Spellcasting
  1312 | D:2      | Reached XP level 3. HP: 22/28 MP: 4/9
  1551 | D:2      | Reached skill level 1 in Invocations
  1558 | D:2      | Found a blossoming altar of Fedhas.
  1704 | D:2      | Found a bloodstained altar of Trog.
  1777 | D:2      | Found a glowing golden altar of the Shining One.
  1778 | D:2      | Found a radiant altar of Vehumet.
  1778 | D:2      | Found an iron altar of Okawaru.
  1779 | D:2      | Found a snail-covered altar of Cheibriados.
  1820 | D:2      | Reached skill level 1 in Short Blades
  1820 | D:2      | Reached skill level 1 in Long Blades
  1820 | D:2      | Reached skill level 1 in Axes
  1820 | D:2      | Reached skill level 1 in Maces & Flails
  1820 | D:2      | Reached skill level 1 in Polearms
  1820 | D:2      | Reached skill level 1 in Staves
  1820 | D:2      | Reached skill level 1 in Slings
  1820 | D:2      | Reached skill level 1 in Bows
  1820 | D:2      | Reached skill level 1 in Crossbows
  1820 | D:2      | Reached skill level 1 in Throwing
  1820 | D:2      | Reached skill level 1 in Armour
  1820 | D:2      | Reached skill level 1 in Stealth
  1820 | D:2      | Reached skill level 1 in Shields
  1820 | D:2      | Reached skill level 1 in Evocations
  1820 | D:2      | Reached XP level 4. HP: 34/34 MP: 9/11
  1849 | D:2      | Slain by a gnoll

Illustrated notes

Levels and vault maps discovered:
D:1:      dpeg_arrival_concentric_ovals, layout_basic
D:2:      layout_basic, fedhas_altar_1, bloody_trog,
          chequers_temple_overflow_statue_of_worship

Skill      XL: |  1  2  3 |
---------------+----------+-----
Spellcasting   | 5 |  5.0
Invocations    | 1 |  1.1
Short Blades   | 1 |  1.0
Long Blades    | 1 |  1.0
Axes           | 1 |  1.0
Maces & Flails | 1 |  1.0
Polearms       | 1 |  1.0
Staves         | 1 |  1.0
Slings         | 1 |  1.0
Bows           | 1 |  1.0
Crossbows      | 1 |  1.0
Throwing       | 1 |  1.0
Armour         | 1 |  1.0
Stealth        | 1 |  1.0
Shields        | 1 |  1.0
Evocations     | 1 |  1.0
Fighting       | |  2.7
Dodging        | |  4.6
Unarmed Combat | |  6.6
Conjurations   | |  0.8
Hexes          | |  0.8
Summonings     | |  0.8
Necromancy     | |  0.8
Translocations | |  0.8
Transmutations | |  3.8
Fire Magic     | |  0.8
Ice Magic      | |  0.8
Air Magic      | |  0.8
Earth Magic    | |  0.8
Poison Magic   | |  0.8

Action                   |  1- 3 |  4- 6 || total
-------------------------+-------+-------++-------
Melee: Unarmed           |    48 |    11 ||    59
       Kick              |    13 |     1 ||    14
       Headbutt          |     6 |     3 ||     9
       Bite              |     5 |     3 ||     8
       Punch             |     2 |       ||     2
 Cast: Beastly Appendage |    14 |     2 ||    16
Armor: Robe              |     7 |     1 ||     8
Dodge: Dodged            |    35 |     7 ||    42
